[ AOE2 MATCH · #467722264 ]
Team RMEthiopians vs Spanish
[ REPLAY ANALYSIS · EXTRACTED FROM THE RECORDED GAME ]
Feudal
12:47
Castle
27:16
Imperial
—
| APM avg | 13.5 |
| APM peak | 22 |
| eAPM avg | 10.5 |
| Villagers / military | 60 / 63 |
Focus
⚔️ 31.5% · 🌾 68.5%
Scorpion ×34 · Militia ×10 · Trade Cart ×10 · Mangonel ×8 · Archer ×4 · Shotel Warrior ×4
Feudal
11:16
Castle
21:01
Imperial
42:53
| APM avg | 53.1 |
| APM peak | 123 |
| eAPM avg | 23.1 |
| Villagers / military | 142 / 52 |
Focus
⚔️ 20.6% · 🌾 79.4%
Conquistador ×38 · Battering Ram ×6 · Trebuchet (Packed) ×5 · Monk ×2 · Militia ×1
Feudal
13:13
Castle
24:39
Imperial
44:15
| APM avg | 11.5 |
| APM peak | 35 |
| eAPM avg | 8.4 |
| Villagers / military | 86 / 26 |
Focus
⚔️ 19.4% · 🌾 80.6%
Battle Elephant ×17 · Knight ×8 · Monk ×1
Feudal
—
Castle
—
Imperial
—
| APM avg | 25.7 |
| APM peak | 73 |
| eAPM avg | 16.6 |
| Villagers / military | 97 / 118 |
Focus
⚔️ 44.5% · 🌾 55.5%
Spearman ×50 · Skirmisher ×24 · Scout Cavalry ×17 · Throwing Axeman ×14 · Knight ×5 · Battering Ram ×3
Match map
Initial resources + every placement click. Lines = walls · curves = elevation contours. ◆ gold · ⬟ stone · ● berries · ✦ relic · ◌ wall gap
Your base· ✓ Closed at 27:16 · 53t walls · 3 gate(s)
MIGUELITO ANTONIO SOLíS's base· ✓ Closed at 21:01 · 5t walls · 1 gate(s)
zzErnest's base· ✓ Closed at 24:39 · 10t walls · fragile
CHONNR10's base· ✓ Closed at 17:18 · 7t walls · 1 gate(s)
Smoothed initial terrain · ◌ = detected wall gap · hover for details
Inputs per minute
— PicanteMartinez - - MIGUELITO ANTONIO SOLíS
Build order — PicanteMartinez
First 150 of 176 actions detected
| 0:05 | Create | Villager (Male) ×4 |
| 0:08 | Research | Loom |
| 0:36 | Build | House |
| 1:16 | Create | Villager (Male) |
| 2:19 | Create | Villager (Male) |
| 2:47 | Build | Palisade Wall |
| 2:58 | Build | Palisade Gate |
| 3:00 | Create | Villager (Male) |
| 3:13 | Create | Villager (Male) |
| 3:14 | Create | Villager (Male) |
| 3:14 | Create | Villager (Male) |
| 3:27 | Build | House |
| 3:39 | Build | Lumber Camp |
| 4:24 | Create | Villager (Male) |
| 5:56 | Create | Villager (Male) |
| 5:57 | Create | Villager (Male) |
| 6:01 | Build | House |
| 6:30 | Build | Mill |
| 7:14 | Create | Villager (Male) |
| 7:14 | Create | Villager (Male) |
| 7:14 | Create | Villager (Male) |
| 7:14 | Create | Villager (Male) |
| 7:55 | Build | Barracks |
| 8:10 | Create | Villager (Male) |
| 8:51 | Build | House |
| 9:18 | Create | Villager (Male) |
| 9:26 | Build | Lumber Camp |
| 10:17 | Build | Mill |
| 10:37 | Research | Feudal Age |
| 11:18 | Build | Mining Camp |
| 11:32 | Create | Villager (Male) |
| 11:33 | Create | Villager (Male) |
| 11:47 | Create | Militia |
| 11:47 | Create | Militia |
| 12:16 | Build | Farm |
| 12:16 | Build | Farm |
| 12:17 | Build | Farm |
| 12:44 | Build | Farm |
| 12:45 | Build | Farm |
| 12:47 | Age | Feudal Age |
| 12:56 | Research | Double-Bit Axe |
| 12:56 | Research | Double-Bit Axe |
| 12:57 | Research | Horse Collar |
| 13:12 | Build | Watch Tower |
| 13:22 | Build | Stone Wall |
| 13:26 | Build | Watch Tower |
| 13:30 | Create | Militia |
| 13:30 | Create | Militia |
| 13:38 | Build | House |
| 13:39 | Build | House |
| 13:51 | Build | Farm |
| 13:55 | Build | Farm |
| 14:22 | Create | Villager (Male) |
| 14:22 | Create | Villager (Male) |
| 14:51 | Create | Militia |
| 15:06 | Build | Mining Camp |
| 15:28 | Research | Man-at-Arms (upgrade) |
| 15:42 | Create | Villager (Male) |
| 15:46 | Create | Villager (Male) |
| 16:18 | Build | Gate |
| 16:26 | Research | Arson |
| 17:01 | Build | Barracks |
| 17:17 | Build | Barracks |
| 17:27 | Build | Blacksmith |
| 17:36 | Research | Wheelbarrow |
| 17:59 | Create | Spearman |
| 17:59 | Create | Spearman |
| 17:59 | Create | Spearman |
| 18:18 | Build | Market |
| 18:29 | Build | House |
| 18:38 | Research | Scale Mail Armor |
| 19:07 | Create | Militia |
| 20:00 | Create | Militia |
| 20:00 | Create | Militia |
| 20:03 | Create | Militia |
| 20:03 | Create | Militia |
| 21:10 | Build | Farm |
| 21:10 | Build | Farm |
| 21:10 | Build | Farm |
| 21:10 | Build | Farm |
| 21:11 | Build | Farm |
| 21:11 | Build | Farm |
| 23:46 | Build | Lumber Camp |
| 24:31 | Build | Lumber Camp |
| 24:36 | Research | Castle Age |
| 26:02 | Build | Stone Wall |
| 26:11 | Research | Gold Mining |
| 26:11 | Research | Stone Mining |
| 26:21 | Create | Trade Cart ×5 |
| 26:55 | Build | Gate |
| 27:05 | Build | Stone Wall |
| 27:16 | Age | Castle Age |
| 27:16 | Build | Gate |
| 27:27 | Research | Hand Cart |
| 27:33 | Build | Town Center |
| 27:56 | Build | Archery Range |
| 28:50 | Build | Watch Tower |
| 28:52 | Research | Crossbowman (upgrade) |
| 28:52 | Create | Archer ×4 |
| 28:58 | Create | Villager (Male) ×5 |
| 29:07 | Research | Fletching |
| 29:26 | Build | House |
| 29:27 | Build | House |
| 29:32 | Create | Villager (Male) ×2 |
| 30:53 | Create | Villager (Male) ×5 |
| 30:57 | Research | Town Watch |
| 31:05 | Build | Siege Workshop |
| 31:58 | Build | Lumber Camp |
| 32:32 | Research | Bodkin Arrow |
| 32:32 | Research | Padded Archer Armor |
| 32:38 | Create | Villager (Male) ×5 |
| 32:47 | Create | Mangonel |
| 33:49 | Create | Villager (Male) |
| 33:50 | Create | Villager (Male) |
| 33:52 | Research | Heavy Plow |
| 33:53 | Research | Bow Saw |
| 34:17 | Build | Town Center |
| 34:55 | Build | Market |
| 35:01 | Research | Stone Shaft Mining |
| 35:01 | Research | Gold Shaft Mining |
| 35:36 | Build | Siege Workshop |
| 35:44 | Build | Stone Wall |
| 36:19 | Create | Mangonel |
| 36:19 | Create | Mangonel |
| 36:41 | Research | Town Patrol |
| 36:49 | Research | Padded Archer Armor |
| 36:49 | Research | Bodkin Arrow |
| 36:52 | Research | Bodkin Arrow |
| 37:10 | Build | Lumber Camp |
| 37:18 | Create | Scorpion ×3 |
| 37:55 | Build | Siege Workshop |
| 37:58 | Create | Villager (Male) ×5 |
| 38:07 | Build | Lumber Camp |
| 38:34 | Build | Stone Wall |
| 38:44 | Create | Scorpion ×3 |
| 38:44 | Create | Mangonel |
| 39:00 | Build | Lumber Camp |
| 39:05 | Create | Villager (Male) ×5 |
| 39:14 | Build | Lumber Camp |
| 39:40 | Create | Scorpion ×4 |
| 39:40 | Create | Mangonel ×2 |
| 39:46 | Build | Castle |
| 40:40 | Create | Scorpion |
| 40:41 | Create | Mangonel ×2 |
| 40:42 | Create | Scorpion |
| 40:42 | Create | Scorpion |
| 40:52 | Build | Gate |
| 41:18 | Create | Villager (Male) |
| 41:51 | Create | Scorpion ×5 |
| 42:06 | Research | Caravan |
Build order — MIGUELITO ANTONIO SOLíS
First 150 of 329 actions detected
| 0:00 | Create | Villager (Male) |
| 0:00 | Create | Villager (Male) |
| 0:02 | Build | House |
| 0:04 | Build | House |
| 0:18 | Create | Villager (Male) |
| 0:18 | Create | Villager (Male) |
| 1:27 | Create | Villager (Male) |
| 1:49 | Build | Lumber Camp |
| 2:01 | Create | Villager (Male) |
| 2:24 | Create | Villager (Male) |
| 3:00 | Create | Villager (Male) |
| 3:03 | Research | Loom |
| 3:12 | Create | Villager (Male) |
| 3:42 | Build | House |
| 4:13 | Create | Villager (Male) |
| 4:13 | Create | Villager (Male) |
| 4:47 | Create | Villager (Male) |
| 5:32 | Create | Villager (Male) |
| 6:08 | Create | Villager (Male) |
| 6:14 | Create | Villager (Male) |
| 6:30 | Create | Villager (Male) |
| 6:42 | Build | House |
| 6:45 | Create | Villager (Male) |
| 7:43 | Build | Mining Camp |
| 7:51 | Create | Villager (Male) |
| 7:53 | Create | Villager (Male) |
| 8:25 | Create | Villager (Male) |
| 8:40 | Build | Barracks |
| 9:01 | Research | Feudal Age |
| 9:26 | Build | Mill |
| 10:12 | Create | Villager (Male) |
| 10:13 | Create | Villager (Male) |
| 10:19 | Build | House |
| 10:20 | Build | House |
| 10:23 | Build | House |
| 10:24 | Build | House |
| 10:26 | Create | Villager (Male) |
| 10:52 | Build | Farm |
| 11:04 | Build | House |
| 11:05 | Build | House |
| 11:16 | Age | Feudal Age |
| 11:43 | Build | Mining Camp |
| 11:49 | Create | Villager (Male) |
| 12:00 | Build | Lumber Camp |
| 12:06 | Create | Villager (Male) |
| 12:08 | Create | Villager (Male) |
| 12:25 | Create | Villager (Male) |
| 12:32 | Create | Villager (Male) |
| 12:40 | Create | Villager (Male) |
| 12:43 | Research | Horse Collar |
| 13:15 | Research | Double-Bit Axe |
| 13:31 | Build | Farm |
| 13:34 | Build | Farm |
| 13:36 | Build | Farm |
| 13:37 | Create | Villager (Male) |
| 13:40 | Research | Wheelbarrow |
| 13:51 | Build | Farm |
| 13:54 | Build | Farm |
| 14:06 | Research | Town Watch |
| 14:35 | Build | Farm |
| 14:38 | Build | Farm |
| 14:38 | Create | Villager (Male) |
| 14:50 | Create | Villager (Male) |
| 15:14 | Create | Villager (Male) |
| 15:42 | Build | Market |
| 15:46 | Build | Market |
| 15:50 | Create | Villager (Male) |
| 16:15 | Create | Villager (Male) |
| 16:18 | Research | Gold Mining |
| 16:30 | Build | Farm |
| 16:48 | Create | Villager (Male) |
| 16:58 | Build | Farm |
| 17:04 | Build | Farm |
| 17:06 | Create | Villager (Male) |
| 17:39 | Build | Farm |
| 17:41 | Create | Villager (Male) |
| 17:57 | Build | Blacksmith |
| 18:03 | Create | Villager (Male) |
| 18:16 | Research | Castle Age |
| 18:32 | Create | Villager (Male) |
| 18:40 | Build | Stable |
| 19:32 | Build | Stable |
| 19:42 | Build | Barracks |
| 19:43 | Create | Villager (Male) |
| 20:12 | Build | Stone Wall |
| 20:29 | Build | Gate |
| 20:41 | Build | Stone Wall |
| 20:47 | Create | Villager (Male) |
| 21:01 | Age | Castle Age |
| 21:13 | Build | Castle |
| 21:34 | Research | Husbandry |
| 22:04 | Build | Stable |
| 22:05 | Build | Stable |
| 22:38 | Create | Conquistador ×5 |
| 22:38 | Create | Conquistador ×5 |
| 22:38 | Create | Conquistador ×5 |
| 23:02 | Build | Farm |
| 23:04 | Build | Farm |
| 23:05 | Build | Farm |
| 23:06 | Create | Villager (Male) |
| 23:07 | Create | Villager (Male) |
| 23:27 | Create | Conquistador |
| 23:30 | Create | Villager (Male) |
| 23:43 | Create | Conquistador |
| 23:58 | Build | Mining Camp |
| 24:05 | Build | Town Center |
| 24:18 | Research | Fletching |
| 24:26 | Create | Conquistador |
| 24:26 | Create | Conquistador |
| 24:43 | Create | Villager (Male) |
| 24:43 | Create | Villager (Male) |
| 24:57 | Build | University |
| 25:00 | Create | Conquistador |
| 25:04 | Create | Villager (Male) |
| 25:05 | Create | Villager (Male) |
| 25:05 | Create | Villager (Male) |
| 25:20 | Create | Conquistador |
| 26:23 | Build | Siege Workshop |
| 26:28 | Create | Conquistador |
| 26:33 | Create | Conquistador |
| 26:38 | Research | Bloodlines |
| 26:51 | Create | Villager (Male) |
| 26:52 | Create | Villager (Male) |
| 26:52 | Create | Villager (Male) |
| 26:52 | Create | Villager (Male) |
| 26:52 | Create | Villager (Male) |
| 27:15 | Create | Villager (Male) |
| 27:19 | Build | Monastery |
| 27:21 | Create | Villager (Male) |
| 27:40 | Build | Mining Camp |
| 27:41 | Create | Villager (Male) |
| 27:45 | Build | Farm |
| 27:45 | Build | Farm |
| 27:45 | Build | Farm |
| 27:46 | Build | Farm |
| 27:46 | Build | Farm |
| 27:55 | Create | Battering Ram |
| 28:09 | Create | Conquistador |
| 28:13 | Create | Villager (Male) |
| 28:13 | Create | Villager (Male) |
| 28:16 | Build | Farm |
| 28:17 | Build | Farm |
| 28:40 | Create | Battering Ram |
| 29:04 | Create | Villager (Male) |
| 29:04 | Create | Villager (Male) |
| 29:04 | Create | Villager (Male) |
| 29:16 | Build | Castle |
| 29:31 | Create | Conquistador |
| 29:55 | Create | Villager (Male) |
| 29:56 | Create | Villager (Male) |
Build order — zzErnest
First 150 of 200 actions detected
| 0:03 | Build | House |
| 0:03 | Build | House |
| 0:05 | Build | House |
| 0:20 | Create | Villager (Male) |
| 0:21 | Create | Villager (Male) |
| 0:21 | Create | Villager (Male) |
| 0:21 | Create | Villager (Male) |
| 1:24 | Build | Palisade Wall |
| 2:14 | Create | Villager (Male) |
| 2:32 | Create | Villager (Male) |
| 2:55 | Create | Villager (Male) |
| 3:37 | Create | Villager (Male) |
| 4:02 | Create | Villager (Male) |
| 4:20 | Build | Lumber Camp |
| 4:37 | Create | Villager (Male) |
| 4:39 | Create | Villager (Male) |
| 6:04 | Create | Villager (Male) |
| 6:05 | Create | Villager (Male) |
| 6:05 | Create | Villager (Male) |
| 7:35 | Build | Mill |
| 7:45 | Build | Mill |
| 7:57 | Create | Villager (Male) |
| 8:02 | Create | Villager (Male) |
| 8:03 | Create | Villager (Male) |
| 8:40 | Build | Farm |
| 9:12 | Build | Farm |
| 9:13 | Build | Farm |
| 9:39 | Build | Farm |
| 9:46 | Build | Farm |
| 11:03 | Research | Feudal Age |
| 12:54 | Build | Farm |
| 12:55 | Build | Farm |
| 12:57 | Build | Farm |
| 12:58 | Build | Farm |
| 13:10 | Create | Villager (Male) |
| 13:10 | Create | Villager (Male) |
| 13:11 | Create | Villager (Male) |
| 13:12 | Create | Villager (Male) |
| 13:13 | Age | Feudal Age |
| 13:23 | Build | House |
| 13:24 | Build | House |
| 13:26 | Build | House |
| 13:45 | Research | Wheelbarrow |
| 13:52 | Research | Horse Collar |
| 15:30 | Research | Double-Bit Axe |
| 16:06 | Create | Villager (Male) |
| 16:06 | Create | Villager (Male) |
| 16:07 | Create | Villager (Male) |
| 16:31 | Build | Mill |
| 16:55 | Create | Villager (Male) |
| 17:03 | Create | Villager (Male) |
| 17:11 | Build | Farm |
| 17:43 | Build | Mining Camp |
| 18:10 | Build | Stable |
| 18:14 | Build | Stable |
| 18:24 | Create | Villager (Male) |
| 18:25 | Create | Villager (Male) |
| 18:43 | Build | Mining Camp |
| 18:51 | Create | Villager (Male) |
| 18:51 | Create | Villager (Male) |
| 18:52 | Create | Villager (Male) |
| 18:55 | Build | Farm |
| 19:34 | Research | Bloodlines |
| 20:27 | Build | Watch Tower |
| 21:59 | Research | Castle Age |
| 23:34 | Build | Lumber Camp |
| 23:55 | Build | Mill |
| 24:39 | Age | Castle Age |
| 24:55 | Build | Farm |
| 24:56 | Build | Farm |
| 24:56 | Build | Farm |
| 24:57 | Build | Farm |
| 25:02 | Build | Farm |
| 25:03 | Build | Farm |
| 25:40 | Build | Town Center |
| 26:05 | Create | Villager (Male) |
| 26:05 | Create | Villager (Male) |
| 26:05 | Create | Villager (Male) |
| 26:08 | Research | Hand Cart |
| 26:08 | Research | Bow Saw |
| 26:14 | Research | Heavy Plow |
| 26:31 | Research | Husbandry |
| 26:32 | Research | Bloodlines |
| 26:56 | Build | Monastery |
| 27:34 | Create | Villager (Male) |
| 27:35 | Create | Villager (Male) |
| 27:39 | Create | Villager (Male) |
| 27:45 | Build | Farm |
| 27:47 | Build | Farm |
| 27:48 | Build | Farm |
| 27:50 | Build | Farm |
| 27:52 | Build | Farm |
| 27:53 | Build | Farm |
| 27:55 | Build | Farm |
| 28:17 | Create | Villager (Male) |
| 28:18 | Create | Villager (Male) |
| 28:41 | Create | Villager (Male) |
| 28:41 | Create | Villager (Male) |
| 28:42 | Create | Villager (Male) |
| 28:50 | Build | Mining Camp |
| 29:01 | Create | Monk |
| 29:34 | Create | Villager (Male) |
| 29:35 | Create | Villager (Male) |
| 29:39 | Create | Villager (Male) |
| 29:39 | Create | Villager (Male) |
| 29:49 | Research | Gold Mining |
| 30:13 | Build | House |
| 30:14 | Build | House |
| 30:16 | Build | House |
| 30:17 | Build | House |
| 30:18 | Build | House |
| 30:32 | Build | House |
| 30:33 | Build | House |
| 31:21 | Create | Villager (Male) |
| 31:22 | Create | Villager (Male) |
| 31:30 | Build | Farm |
| 31:34 | Create | Villager (Male) |
| 31:35 | Create | Villager (Male) |
| 32:11 | Build | Farm |
| 32:40 | Create | Knight |
| 32:41 | Create | Knight |
| 32:41 | Create | Knight |
| 32:41 | Create | Knight |
| 32:41 | Create | Knight |
| 32:42 | Create | Knight |
| 32:42 | Create | Knight |
| 32:42 | Create | Knight |
| 32:55 | Create | Battle Elephant |
| 32:55 | Create | Battle Elephant |
| 32:55 | Create | Battle Elephant |
| 32:55 | Create | Battle Elephant |
| 32:56 | Create | Battle Elephant |
| 32:56 | Create | Battle Elephant |
| 32:56 | Create | Battle Elephant |
| 32:56 | Create | Battle Elephant |
| 33:01 | Create | Battle Elephant |
| 34:05 | Create | Villager (Male) |
| 34:05 | Create | Villager (Male) |
| 34:06 | Create | Villager (Male) |
| 34:11 | Create | Villager (Male) |
| 34:13 | Create | Villager (Male) |
| 34:16 | Create | Villager (Male) |
| 34:32 | Build | Mining Camp |
| 34:35 | Create | Villager (Male) |
| 34:35 | Create | Villager (Male) |
| 34:36 | Create | Villager (Male) |
| 34:36 | Create | Villager (Male) |
| 34:39 | Create | Villager (Male) |
| 36:01 | Create | Villager (Male) |
| 36:02 | Create | Villager (Male) |
Build order — CHONNR10
First 150 of 351 actions detected
| 0:03 | Build | House |
| 0:05 | Build | House |
| 0:06 | Create | Villager (Male) |
| 0:06 | Create | Villager (Male) |
| 0:06 | Create | Villager (Male) |
| 0:07 | Create | Villager (Male) |
| 1:32 | Create | Villager (Male) |
| 1:52 | Create | Villager (Male) |
| 2:23 | Create | Villager (Male) |
| 3:04 | Create | Villager (Male) |
| 3:40 | Build | House |
| 3:43 | Create | Villager (Male) |
| 4:09 | Create | Villager (Male) |
| 4:18 | Build | Lumber Camp |
| 4:38 | Create | Villager (Male) |
| 4:39 | Create | Villager (Male) |
| 5:16 | Create | Villager (Male) |
| 5:33 | Build | Mill |
| 5:37 | Create | Villager (Male) |
| 6:24 | Create | Villager (Male) |
| 6:51 | Create | Villager (Male) |
| 7:05 | Create | Villager (Male) |
| 7:28 | Create | Villager (Male) |
| 7:44 | Create | Villager (Male) |
| 7:50 | Build | House |
| 8:00 | Research | Loom |
| 8:08 | Create | Villager (Male) |
| 8:28 | Build | Lumber Camp |
| 8:31 | Create | Villager (Male) |
| 8:38 | Create | Villager (Male) |
| 9:11 | Create | Villager (Male) |
| 9:13 | Create | Villager (Male) |
| 9:30 | Build | Mining Camp |
| 9:45 | Create | Villager (Male) |
| 9:54 | Create | Villager (Male) |
| 10:13 | Create | Villager (Male) |
| 10:40 | Research | Feudal Age |
| 11:01 | Create | Villager (Male) |
| 11:20 | Build | House |
| 12:44 | Build | House |
| 13:02 | Create | Villager (Male) |
| 13:18 | Build | Market |
| 13:24 | Build | Blacksmith |
| 13:25 | Create | Villager (Male) |
| 13:34 | Build | Farm |
| 13:40 | Build | Farm |
| 13:43 | Build | Farm |
| 13:47 | Build | Farm |
| 13:56 | Build | Farm |
| 14:06 | Build | Farm |
| 14:09 | Build | Farm |
| 14:13 | Build | Farm |
| 14:18 | Create | Villager (Male) |
| 14:26 | Build | Farm |
| 14:31 | Build | Farm |
| 14:50 | Build | Lumber Camp |
| 14:53 | Create | Villager (Male) |
| 14:56 | Build | Farm |
| 15:13 | Research | Double-Bit Axe |
| 15:20 | Create | Villager (Male) |
| 15:28 | Build | Farm |
| 15:50 | Build | Stone Wall |
| 15:53 | Build | Gate |
| 15:56 | Create | Villager (Male) |
| 16:18 | Create | Villager (Male) |
| 16:25 | Build | Farm |
| 16:35 | Build | Barracks |
| 16:47 | Create | Villager (Male) |
| 16:50 | Build | Farm |
| 17:16 | Build | House |
| 17:18 | Research | Castle Age |
| 17:30 | Build | Watch Tower |
| 17:33 | Build | Farm |
| 17:44 | Build | Mining Camp |
| 17:54 | Research | Stone Mining |
| 17:54 | Research | Gold Mining |
| 18:23 | Create | Villager (Male) |
| 18:23 | Create | Villager (Male) |
| 18:28 | Create | Villager (Male) |
| 19:00 | Build | Stable |
| 19:03 | Create | Spearman |
| 19:03 | Create | Spearman |
| 19:03 | Create | Spearman |
| 19:04 | Create | Spearman |
| 19:16 | Build | Archery Range |
| 19:42 | Research | Scale Mail Armor |
| 19:45 | Create | Scout Cavalry |
| 19:46 | Create | Scout Cavalry |
| 19:54 | Build | House |
| 20:02 | Create | Villager (Male) |
| 20:11 | Research | Husbandry |
| 20:28 | Create | Villager (Male) |
| 20:31 | Build | House |
| 20:44 | Build | Siege Workshop |
| 21:01 | Build | Stable |
| 21:07 | Research | Light Cavalry (upgrade) |
| 21:07 | Create | Scout Cavalry |
| 21:12 | Build | House |
| 21:13 | Build | House |
| 21:14 | Create | Villager (Male) |
| 21:43 | Research | Scale Barding Armor |
| 21:43 | Research | Forging |
| 22:20 | Research | Forging |
| 22:41 | Create | Villager (Male) |
| 22:42 | Create | Villager (Male) |
| 22:42 | Create | Villager (Male) |
| 23:35 | Build | Castle |
| 23:56 | Create | Mangonel |
| 24:01 | Create | Scout Cavalry |
| 24:02 | Create | Scout Cavalry |
| 24:02 | Create | Scout Cavalry |
| 24:02 | Create | Scout Cavalry |
| 24:02 | Create | Scout Cavalry |
| 24:35 | Build | Castle |
| 24:53 | Build | Farm |
| 24:54 | Create | Villager (Male) |
| 25:15 | Build | Town Center |
| 25:18 | Research | Gold Shaft Mining |
| 25:20 | Create | Villager (Male) |
| 25:29 | Build | Lumber Camp |
| 26:42 | Build | Archery Range |
| 26:51 | Create | Throwing Axeman |
| 26:51 | Create | Villager (Male) |
| 26:51 | Create | Villager (Male) |
| 26:52 | Create | Villager (Male) |
| 26:52 | Create | Villager (Male) |
| 27:03 | Build | Town Center |
| 27:08 | Research | Chain Barding Armor |
| 27:08 | Research | Iron Casting |
| 27:15 | Create | Skirmisher |
| 27:18 | Create | Skirmisher |
| 27:29 | Build | Lumber Camp |
| 27:42 | Create | Villager (Male) |
| 27:45 | Create | Villager (Male) |
| 27:52 | Research | Wheelbarrow |
| 27:54 | Create | Villager (Male) |
| 29:07 | Research | Padded Archer Armor |
| 29:07 | Research | Fletching |
| 29:08 | Create | Villager (Male) |
| 29:09 | Create | Villager (Male) |
| 29:09 | Create | Villager (Male) |
| 29:09 | Create | Villager (Male) |
| 30:00 | Build | Farm |
| 30:10 | Build | Farm |
| 30:11 | Build | Farm |
| 30:29 | Create | Villager (Male) |
| 30:29 | Research | Hand Cart |
| 30:35 | Create | Villager (Male) |
| 30:38 | Build | Farm |
| 30:51 | Create | Throwing Axeman |
Match timeline
| 1:24 | zzErnest · wall_segment Palisade Wall x10 |
| 2:47 | PicanteMartinez · wall_segment Palisade Wall x9 |
| 7:55 | PicanteMartinez · first_building Barracks |
| 8:40 | MIGUELITO ANTONIO SOLíS · first_building Barracks |
| 11:16 | MIGUELITO ANTONIO SOLíS · age_up feudal |
| 12:47 | PicanteMartinez · age_up feudal |
| 13:13 | zzErnest · age_up feudal |
| 13:22 | PicanteMartinez · wall_segment Stone Wall x12 |
| 14:47 | CHONNR10 · first_market_buy 100 wood |
| 15:50 | CHONNR10 · wall_segment Stone Wall x7 |
| 16:35 | CHONNR10 · first_building Barracks |
| 17:51 | MIGUELITO ANTONIO SOLíS · first_market_buy 100 food |
| 18:10 | zzErnest · first_building Stable |
| 18:40 | MIGUELITO ANTONIO SOLíS · first_building Stable |
| 19:00 | CHONNR10 · first_building Stable |
| 19:16 | CHONNR10 · first_building Archery Range |
| 20:12 | MIGUELITO ANTONIO SOLíS · wall_segment Stone Wall x1 |
| 20:41 | MIGUELITO ANTONIO SOLíS · wall_segment Stone Wall x4 |
| 20:44 | CHONNR10 · first_building Siege Workshop |
| 21:01 | MIGUELITO ANTONIO SOLíS · age_up castle |
| 21:13 | MIGUELITO ANTONIO SOLíS · first_building Castle |
| 22:36 | CHONNR10 · first_market_sell 100 wood |
| 23:35 | CHONNR10 · first_building Castle |
| 24:39 | zzErnest · age_up castle |
| 26:02 | PicanteMartinez · wall_segment Stone Wall x14 |
| 26:23 | MIGUELITO ANTONIO SOLíS · first_building Siege Workshop |
| 26:56 | zzErnest · first_building Monastery |
| 27:05 | PicanteMartinez · wall_segment Stone Wall x18 |
| 27:16 | PicanteMartinez · age_up castle |
| 27:19 | MIGUELITO ANTONIO SOLíS · first_building Monastery |
| 27:56 | PicanteMartinez · first_building Archery Range |
| 31:05 | PicanteMartinez · first_building Siege Workshop |
| 35:44 | PicanteMartinez · wall_segment Stone Wall x12 |
| 38:34 | PicanteMartinez · wall_segment Stone Wall x10 |
| 39:15 | zzErnest · tribute_sent a jugador 1 |
| 39:15 | zzErnest · tribute_sent a jugador 2 |
| 39:15 | zzErnest · tribute_sent a jugador 4 |
| 39:46 | PicanteMartinez · first_building Castle |
| 42:42 | PicanteMartinez · tribute_sent a jugador 1 |
| 42:42 | PicanteMartinez · tribute_sent a jugador 3 |
| 42:42 | PicanteMartinez · tribute_sent a jugador 4 |
| 42:53 | MIGUELITO ANTONIO SOLíS · age_up imperial |
| 42:54 | zzErnest · first_building Castle |
| 44:15 | zzErnest · age_up imperial |
| 47:30 | CHONNR10 · resign |
[ AI ANALYSIS · 1 CREDIT ]
What really happened in this match?
Wolo.gg analyzes every decision: build order, eco, micro, common mistakes by bracket. Personalized analysis on WhatsApp or Discord in 30 seconds.
Civ guide
Ethiopians
Map guide
Black Forest
Perfil
PicanteMartinez